 Dungeon Crawl Stone Soup version 0.28-a0-895-g6e5f11bd55 (webtiles) character file.

Game seed: 16142340075951451210

3537 oldmanjim the Summoner (level 10, 0/70 (73) HPs)
             Began as a Gnoll Summoner on Nov 21, 2021.
             Was a Believer of Okawaru.
             Slain by a soul eater (4 damage)
             ... summoned by a kobold demonologist
             ... on level 7 of the Dungeon on Nov 22, 2021.
             The game lasted 01:10:10 (8140 turns).

oldmanjim the Summoner (Gnoll Summoner)             Turns: 8140, Time: 01:10:11

HP:   0/70 (73)     AC:  8    Str: 15    XL:     10   Next: 8%
MP:   20/20         EV: 13    Int: 16    God:    Okawaru [**....]
Gold: 668           SH: 11    Dex: 13    Spells: 14/23 levels left

rFire   . . .      SeeInvis .   a - +4 trident (freeze)
rCold   . . .      Faith    .   C - +6 buckler "Jeinof" {rCorr}
rNeg    . . .      Spirit   .   l - +1 ring mail
rPois   .          Reflect  .   (no helmet)
rElec   .          Harm     .   t - +0 cloak
rCorr   +          Rampage  .   (no gloves)
Will    +....                   (no boots)
Stlth   +++.......              n - amulet of regeneration
HPRegen 1.21/turn               w - +6 ring of strength
MPRegen 0.17/turn               u - ring of willpower

@: lethally poisoned (0 -> 0), spiked, lightly drained
A: fangs 1, strong nose, distributed training
a: Renounce Religion, Heroism


You were on level 7 of the Dungeon.
You worshipped Okawaru.
Okawaru was pleased with you.
You visited 2 branches of the dungeon, and saw 9 of its levels.

You collected 668 gold pieces.

Inventory:

Hand Weapons
 a - a +4 trident of freezing (weapon)
 f - a +2 trident of venom
 s - a +1 dagger of venom
Missiles
 b - 64 sling bullets
 d - 184 stones
 e - 89 bolts
 g - 80 arrows
 i - 2 throwing nets
 m - 19 poisoned darts
 r - a curare-tipped dart
 y - 6 silver javelins
 B - 3 boomerangs of dispersal
 D - 5 datura-tipped darts
 F - 2 boomerangs
Armour
 l - a +1 ring mail (worn)
 t - a +0 cloak (worn)
 C - the +6 buckler "Jeinof" (worn) {rCorr}
   (You found it on level 6 of the Dungeon)

   rCorr:     It protects you from acid and corrosion.
Jewellery
 n - an amulet of regeneration (around neck)
 u - a ring of willpower (right hand)
 w - a +6 ring of strength (left hand)
Wands
 o - a wand of flame (29)
 E - a wand of polymorph (7)
Scrolls
 x - a scroll of vulnerability
Potions
 c - a potion of lignification {unknown}
 h - a potion of ambrosia
 j - 2 potions of degeneration
 k - 3 potions of brilliance
 p - a potion of attraction
 q - 2 potions of curing
 z - a potion of invisibility
 A - 4 potions of heal wounds
 G - a potion of might {unknown}


   Skills:
 + Level 4.9 Fighting
 + Level 4.9 Short Blades
 + Level 4.9 Long Blades
 + Level 4.9 Axes
 + Level 4.9 Maces & Flails
 + Level 4.9 Polearms
 + Level 4.9 Staves
 + Level 4.9 Slings
 + Level 4.9 Bows
 + Level 4.9 Crossbows
 + Level 4.9 Throwing
 + Level 4.9 Armour
 + Level 6.8 Dodging
 + Level 6.5 Stealth
 + Level 4.9 Shields
 + Level 4.9 Unarmed Combat
 + Level 7.1 Spellcasting
 + Level 4.1 Conjurations
 + Level 4.1 Hexes
 + Level 8.3 Summonings
 + Level 4.1 Necromancy
 + Level 4.1 Translocations
 + Level 4.1 Transmutations
 + Level 4.1 Fire Magic
 + Level 4.1 Ice Magic
 + Level 4.1 Air Magic
 + Level 4.1 Earth Magic
 + Level 4.1 Poison Magic
 + Level 5.4 Invocations
 + Level 4.9 Evocations


You had 14 spell levels left.
You knew the following spells:

 Your Spells              Type           Power      Damage    Failure   Level
a - Summon Small Mammal   Summ           100%       N/A       1%          1
b - Call Imp              Summ           32%        N/A       1%          2
c - Call Canine Familiar  Summ           32%        N/A       2%          3
d - Summon Guardian Gole  Hex/Summ       25%        N/A       5%          3

Your spell library contained the following spells:

 Spells                   Type           Power      Damage    Failure   Level
 Beastly Appendage        Tmut           36%        N/A       4%          1
 Foxfire                  Conj/Fire      72%        2x1d7     4%          1
 Magic Dart               Conj           72%        1d6       4%          1
 Sandblast                Erth           36%        2d10      4%          1
 Passwall                 Tmut/Erth      15%        N/A       6%          2
 Sublimation of Blood     Necr           18%        N/A       6%          2
 Wereblood                Tmut           18%        N/A       6%          2
 Conjure Flame            Conj/Fire      18%        6-21      13%         3
 Inner Flame              Hex/Fire       18%        N/A       13%         3
 Mephitic Cloud           Conj/Pois/Air  18%        N/A       13%         3
 Spider Form              Tmut/Pois      18%        N/A       13%         3
 Stone Arrow              Conj/Erth      36%        3d9       13%         3
 Flame Wave               Conj/Fire      18%        3d5       38%         4
 Summon Lightning Spire   Summ/Air       Unusable   N/A       N/A         4
 Summon Hydra             Summ           Unusable   N/A       N/A         7

Dungeon Overview and Level Annotations

Branches:
Dungeon (8/15)             Temple (1/1) D:7
   Lair: D:8-11

Altars:
Ashenzari
Cheibriados
Dithmenos
Elyvilon
Fedhas
Gozag
Hepliaklqana
Kikubaaqudgha
Makhleb
Nemelex Xobeh
Okawaru
Qazlal
Ru
Sif Muna
Trog
Uskayaw
Wu Jian
Xom
Yredelemnul
Zin
The Shining One

Shops:
D:5 :

Annotations:
D:2 1 runed translucent door, exclusion: door, Crazy Yiuf


Innate Abilities, Weirdness & Mutations

You have very sharp teeth.
Your uncanny sense of smell can sniff out nearby items.
Your experience applies equally to all skills.


Message History

The iron imp hits you.
The kobold hits you with a +0 short sword of electrocution.
The crimson imp hits you but does no damage.
You hit the kobold. You freeze the kobold.
You kill the kobold!
The kobold demonologist casts a spell.
The kobold closely misses you.
The crimson imp hits you but does no damage.
You puncture the kobold! You freeze the kobold.
You kill the kobold!
The kobold demonologist hits you with a +2 dagger of venom.
You are poisoned.
The crimson imp hits you but does no damage.
You block the iron imp's attack.
You hit the soul eater but do no damage.
You feel very sick.
The kobold demonologist mumbles some strange words.
The crimson imp hits you but does no damage.
The iron imp hits you. The soul eater closely misses you.
The iron imp closely misses you.
The kobold demonologist mumbles some strange words.
You hit the soul eater.
The soul eater is lightly wounded.
You feel sick.
The crimson imp hits you but does no damage.
You block the soul eater's attack.
The red devil hits you from afar with a +0 trident!
* * * LOW HITPOINT WARNING * * *
Barbed spikes become lodged in your body.
The iron imp lashes its tail.
The iron imp closely misses you.
The kobold demonologist closely misses you.
You puncture the soul eater! You freeze the soul eater.
Your bite misses the soul eater.
The soul eater is moderately wounded.
You feel sick. You block the iron imp's attack.
You block the crimson imp's attack. The soul eater hits you!
* * * LOW HITPOINT WARNING * * *
You feel drained.
You die...

.##...........# #........#......
....#.........#####......###.##..
..................##.รท..##.#.##)#
.......#.#####.....##''##.......#
.........# #.......#..#.....####
........## ##................####
........####........##......)...#
...............)............###..
........######.3@5)[.............
.......## #..K55..##......####.
#.....## #..44...##......# ##
####### #.......##......#
##.....########## ##...## #####


You could see a soul eater (summoned), an ice devil (summoned), a kobold
demonologist, a red devil (summoned), 2 iron imps and a crimson imp (summoned).

Vanquished Creatures
  3 water moccasins
  3 sky beasts (D:7)
  An orc warrior (D:6)
  An ice beast (D:6)
  A necrophage (D:4)
  An ogre (D:7)
  A centaur (D:7)
  4 kobold brigands (D:7)
  2 bullfrogs (D:7)
  A scorpion (D:4)
  A wight (D:7)
  A centaur zombie (D:8)
  2 hounds
  4 orc priests
  2 jellies
  A centaur skeleton (D:6)
  An iguana (D:4)
  Natasha (twice) (D:3)
  5 orc wizards
  2 adders
  2 gnolls (D:5)
  A shadow imp (D:7)
  A white imp (D:7)
  An ufetubus (D:4)
  A dart slug (D:2)
  16 orcs
  4 endoplasms
  8 goblins
  4 hobgoblins
  3 quokkas
  A ball python (D:2)
  A bat (D:2)
  A frilled lizard (D:2)
  7 kobolds
  3 rats
93 creatures vanquished.

Vanquished Creatures (collateral kills)
  Grinder (D:3)
  A water moccasin (D:6)
  An orc warrior (D:6)
  A black bear (D:4)
  A necrophage (D:6)
  A sky beast (D:3)
  An ice beast (D:4)
  2 wights (D:6)
  3 orc priests
  Natasha (D:3)
  An iguana (D:5)
  Jessica (D:2)
  2 orc wizards
  A gnoll (D:5)
  2 adders
  A dart slug (D:1)
  6 orcs
  A ball python (D:4)
  A giant cockroach (D:3)
  4 goblins
  2 hobgoblins (D:3)
  2 jackals (D:1)
  A quokka (D:1)
  3 kobolds
41 creatures vanquished.

Vanquished Creatures (others)
  A steam dragon (D:7)
  A necrophage (D:7)
  3 wights (D:6)
5 creatures vanquished.

Grand Total: 139 creatures vanquished

Notes
Turn   | Place    | Note
-------+----------+-------------------------------------------
     0 | D:1      | oldmanjim the Gnoll Summoner began the quest for the Orb.
     0 | D:1      | Reached XP level 1. HP: 13/13 MP: 6/6
   167 | D:1      | Reached XP level 2. HP: 19/19 MP: 7/7
   991 | D:1      | Reached XP level 3. HP: 14/25 MP: 9/9
  1263 | D:2      | Found a faded altar of an unknown god.
  1269 | D:2      | Reached skill level 5 in Spellcasting
  1344 | D:2      | Reached skill level 1 in Invocations
  1382 | D:2      | Noticed Jessica
  1662 | D:2      | Found a runed translucent door.
  1672 | D:2      | Noticed Crazy Yiuf
  1798 | D:2      | Learned a level 2 spell: Call Imp
  2001 | D:2      | Killed Jessica
  2002 | D:2      | Reached skill level 1 in Fighting
  2002 | D:2      | Reached skill level 1 in Short Blades
  2002 | D:2      | Reached skill level 1 in Long Blades
  2002 | D:2      | Reached skill level 1 in Axes
  2002 | D:2      | Reached skill level 1 in Maces & Flails
  2002 | D:2      | Reached skill level 1 in Polearms
  2002 | D:2      | Reached skill level 1 in Staves
  2002 | D:2      | Reached skill level 1 in Slings
  2002 | D:2      | Reached skill level 1 in Bows
  2002 | D:2      | Reached skill level 1 in Crossbows
  2002 | D:2      | Reached skill level 1 in Throwing
  2002 | D:2      | Reached skill level 1 in Armour
  2002 | D:2      | Reached skill level 1 in Shields
  2002 | D:2      | Reached skill level 1 in Unarmed Combat
  2002 | D:2      | Reached skill level 1 in Evocations
  2002 | D:2      | Reached XP level 4. HP: 28/32 MP: 11/11
  2408 | D:3      | Noticed Natasha
  2422 | D:3      | Killed Natasha
  2423 | D:3      | Reached skill level 1 in Conjurations
  2423 | D:3      | Reached skill level 1 in Hexes
  2423 | D:3      | Reached skill level 1 in Necromancy
  2423 | D:3      | Reached skill level 1 in Translocations
  2423 | D:3      | Reached skill level 1 in Transmutations
  2423 | D:3      | Reached skill level 1 in Fire Magic
  2423 | D:3      | Reached skill level 1 in Ice Magic
  2423 | D:3      | Reached skill level 1 in Air Magic
  2423 | D:3      | Reached skill level 1 in Earth Magic
  2423 | D:3      | Reached skill level 1 in Poison Magic
  2427 | D:3      | Reached XP level 5. HP: 37/37 MP: 9/12
  2431 | D:3      | Learned a level 3 spell: Call Canine Familiar
  2478 | D:3      | Noticed a sky beast
  2496 | D:3      | Killed a sky beast
  2576 | D:3      | Reached XP level 6. HP: 40/44 MP: 8/13
  2644 | D:3      | Noticed Grinder
  2653 | D:3      | Paralysed by Grinder for 3 turns
  2668 | D:3      | Killed Grinder
  2669 | D:3      | Reached skill level 5 in Dodging
  2669 | D:3      | Reached XP level 7. HP: 36/50 MP: 5/15
  2820 | D:3      | Noticed Natasha
  2841 | D:3      | Killed Natasha
  2889 | D:3      | Noticed Natasha
  2896 | D:3      | Killed Natasha
  3331 | D:3      | Upgraded the game from 0.28-a0-872-g80cf8599ee to
                  | 0.28-a0-895-g6e5f11bd55
  3669 | D:4      | Reached skill level 5 in Stealth
  3890 | D:4      | Reached XP level 8. HP: 52/57 MP: 16/16
  4327 | D:5      | Entered Level 5 of the Dungeon
  4523 | D:5      | Found a stormy altar of Qazlal.
  4863 | D:5      | Found Qupp's Self-Improvement Boutique.
  5667 | D:6      | Found a sacrificial altar of Ru.
  5824 | D:6      | Identified the +6 buckler "Jeinof" {rCorr}
  5836 | D:6      | Learned a level 3 spell: Summon Guardian Golem
  5955 | D:6      | Reached XP level 9. HP: 41/62 MP: 8/18
  6824 | D:7      | Reached skill level 8 in Summonings
  6928 | D:7      | Found a staircase to the Ecumenical Temple.
  6939 | Temple   | Entered the Ecumenical Temple
  7167 | Temple   | Became a worshipper of Warmaster Okawaru
  7728 | D:7      | Reached skill level 5 in Invocations
  7755 | D:7      | Reached * piety under Okawaru
  7874 | D:7      | Reached XP level 10. HP: 34/73 MP: 20/20
  8032 | D:8      | Noticed a kobold demonologist
  8051 | D:7      | Reached ** piety under Okawaru
  8137 | D:7      | Noticed a soul eater
  8140 | D:7      | Slain by a soul eater

Illustrated notes

Levels and vault maps discovered:
D:1:      lemuel_arrival_muddy, layout_basic
D:2:      layout_loops_ring, chequers_ecumenical_altar_simple, uniq_jessica,
          uniq_crazy_yiuf_cottage
D:3:      layout_loops_ring, uniq_natasha, uniq_grinder
D:4:      layout_loops_ring, grunt_ministairs_3
D:5:      layout_loops_cross, grunt_qazlal_sundering, serial_glass,
          glass_columns_b, glass_columns_a, nicolae_shop_self_help
D:6:      layout_loops_corners, mainiacjoe_overflow_alcove_2,
          wad_floor_pattern_untrapped, grunt_ministairs_4
D:7:      minmay_polygon_palace, layout_rooms, temple_green
D:8:      layout_cave_pools
Temple:   mainiacjoe_temple_bowtie_tessellation

Skill      XL: |  1  2  3  4  5  6  7  8  9 |
---------------+----------------------------+-----
Spellcasting   | 5 6 7 |  7.1
Invocations    | 1 2 3 4 5 |  5.4
Fighting       | 1 2 3 4 |  4.9
Short Blades   | 1 2 3 4 |  4.9
Long Blades    | 1 2 3 4 |  4.9
Axes           | 1 2 3 4 |  4.9
Maces & Flails | 1 2 3 4 |  4.9
Polearms       | 1 2 3 4 |  4.9
Staves         | 1 2 3 4 |  4.9
Slings         | 1 2 3 4 |  4.9
Bows           | 1 2 3 4 |  4.9
Crossbows      | 1 2 3 4 |  4.9
Throwing       | 1 2 3 4 |  4.9
Armour         | 1 2 3 4 |  4.9
Shields        | 1 2 3 4 |  4.9
Unarmed Combat | 1 2 3 4 |  4.9
Evocations     | 1 2 3 4 |  4.9
Conjurations   | 1 2 3 4 |  4.1
Hexes          | 1 2 3 4 |  4.1
Necromancy     | 1 2 3 4 |  4.1
Translocations | 1 2 3 4 |  4.1
Transmutations | 1 2 3 4 |  4.1
Fire Magic     | 1 2 3 4 |  4.1
Ice Magic      | 1 2 3 4 |  4.1
Air Magic      | 1 2 3 4 |  4.1
Earth Magic    | 1 2 3 4 |  4.1
Poison Magic   | 1 2 3 4 |  4.1
Dodging        | 5 6 |  6.8
Stealth        | 5 6 |  6.5
Summonings     | 8 |  8.3

Action                   |  1- 3 |  4- 6 |  7- 9 | 10-12 || total
-------------------------+-------+-------+-------+-------++-------
Melee: Dagger            |    42 |    24 |    24 |       ||    90
       Bite              |     4 |       |    20 |     3 ||    27
       Trident           |       |       |   251 |    40 ||   291
 Cast: Summon Small Mamm |    21 |     1 |     6 |       ||    28
       Call Imp          |     1 |    10 |    22 |       ||    33
       Call Canine Famil |       |     4 |    39 |       ||    43
       Summon Guardian G |       |       |    10 |       ||    10
  Use: Scroll            |       |       |    12 |     2 ||    14
 Stab: Sleeping          |     4 |     1 |     7 |       ||    12
       Distracted        |     1 |       |     3 |       ||     4
Armor: Robe              |     6 |       |       |       ||     6
       Ring mail         |       |     3 |    69 |    21 ||    93
Dodge: Dodged            |    31 |     8 |   112 |    34 ||   185
Block: Buckler           |       |       |    57 |    30 ||    87

Table legend: (Time is in decaauts)
 A = Elapsed time spent in this place.
 B = Non-inter-level travel time spent in this place.
 C = Inter-level travel time spent in this place.
 D = Time resting spent in this place.
 E = Time spent auto-exploring this place.
 F = Levels seen in this place.
 G = Mean time per level.
                   A        B        C        D        E       F      G
               +--------+--------+--------+--------+--------+-----+--------+
         Total |   8202 |   7786 |    416 |    412 |   5557 |   9 |  911.3 |
       Dungeon |   7911 |   7567 |    344 |    412 |   5352 |   8 |  988.9 |
        Temple |    291 |    219 |     72 |      0 |    205 |   1 |  291.0 |
               +--------+--------+--------+--------+--------+-----+--------+

Top non-repeatable levels by time:
     D:6: 1548 daAuts
     D:1: 1262 daAuts
     D:3: 1145 daAuts
     D:4: 1074 daAuts
     D:2: 1028 daAuts
     D:7: 915 daAuts
     D:5: 840 daAuts
  Temple: 291 daAuts
     D:8: 96 daAuts
